 Dungeon Crawl Stone Soup version 0.29-a0-876-gfc89b1a5bd (webtiles) character file.

Game seed: 13303137542186810902

83 HoaS the Shooter (level 4, 0/26 HPs)
             Began as a Gargoyle Hunter on July 19, 2022.
             Slain by a hound (3 damage)
             ... on level 2 of the Dungeon.
             The game lasted 00:03:14 (1922 turns).

HoaS the Shooter (Gargoyle Hunter)                  Turns: 1922, Time: 00:03:15

Health: 0/26       AC:  6    Str: 13 (14) XL:     4   Next: 44%
Magic:  4/4        EV: 11    Int:  8 (10) God:
Gold:   165        SH:  0    Dex: 12 (15) Spells: 3/3 levels left

rFire   . . .      SeeInvis .   a - +0 shortbow
rCold   . . .      Faith    .   (shield currently unavailable)
rNeg    + . .      Spirit   .   c - +0 leather armour
rPois   ∞          Reflect  .   (no helmet)
rElec   +          Harm     .   (no cloak)
rCorr   .          Rampage  .   (no gloves)
Will    .....                   (no boots)
Stlth   +.........              (no amulet)
HPRegen 0.08/turn               (no ring)
MPRegen 0.09/turn               (no ring)

@: confused
A: sickness immunity, AC +3, negative energy resistance 1, electricity
resistance, torment resistance 1, petrification resistance
a: no special abilities


You were on level 2 of the Dungeon.
You visited 1 branch of the dungeon, and saw 3 of its levels.

You collected 165 gold pieces.

Inventory:

Hand Weapons
 a - a +0 shortbow (weapon)
Armour
 c - a +0 leather armour (worn)
Scrolls
 b - 3 scrolls of immolation
Potions
 e - a potion of flight {unknown}
 f - 2 potions of mutation
 h - a potion of degeneration
 j - a potion of might {unknown}


   Skills:
 - Level 2.1 Fighting
 + Level 5.8 Ranged Weapons
 - Level 1.5 Dodging
 - Level 1.1 Stealth


You had 3 spell levels left.
You didn't know any spells.
Your spell library was empty.

Dungeon Overview and Level Annotations

Branches:
Dungeon (3/15)

Altars:
Xom

Annotations:
D:3 Sigmund


Innate Abilities, Weirdness & Mutations

You are immune to sickness and miasma.
Your stone body is resilient. (AC +3)
You are immune to poison.
You resist negative energy. (rN+)
You are resistant to electric shocks. (rElec)
You are resistant to unholy torment.
You are immune to petrification.


Message History

The hound barks!
The hound barely misses you. The hound barely misses you.
The hound completely misses you. The hound bites you but does no damage.
There is a stone staircase leading up here.
The hound bites you but does no damage. Something hits you but does no damage.
You climb upwards.
Reactivating autopickup.
There is a stone staircase leading down here.
It was a potion of degeneration.
There was something very wrong with that liquid.
You feel weakened.
You feel dopey.
You feel clumsy. The hound closely misses you.
Something hits you but does no damage.
Deactivating autopickup; reactivate with Ctrl-A.
The hound barely misses you.
Fire: a) +0 shortbow
Press: ? - help, Q - select action Shift-Dir - straight line, f - hound
Aim: a hound (50% to hit)
You shoot an arrow. The arrow hits the hound!
The hound is severely wounded.
The hound bites you.
* * * LOW HITPOINT WARNING * * *
Something hits you but does no damage. The hound bites you.
* * * LOW HITPOINT WARNING * * *
Fire: a) +0 shortbow
Press: ? - help, Q - select action Shift-Dir - straight line, f/p - hound
Aim: a hound (severely wounded, 50% to hit)
You shoot an arrow. The arrow hits the hound.
The hound is severely wounded.
You hear some strange, mumbled words.
You are confused.
The hound barely misses you.
You hear some strange, mumbled words.
A puff of flame appears from out of thin air!
The puff of flame misses you.
Non-targeted confused fire: a) +0 shortbow
Press: ? - help, Q - select action Dir - look around, f - activate You shoot an arrow.
The hound closely misses you. The hound bites you.
You die...

########### #..(.#
#.........# #....#
#.........# #....#
#.........####....# ##
#.........'......(# #.
#.........#...#.### #.
#.........#...#.# #.
#...{.....#...#+## #.
#####@...........#####
#.h.....).#.........
#.........#....#####
#.........##.#######
###.................
###########'######
#.....# # #.....# #
#.....# #


You could see a hound.

Vanquished Creatures
  4 worms (D:2)
  3 dart slugs
  3 orcs (D:3)
  10 ball pythons
  4 bats (D:1)
  9 endoplasms
  3 giant cockroaches
  3 hobgoblins
  6 jackals
  A quokka (D:1)
  A frilled lizard (D:1)
  6 goblins
  A kobold (D:1)
  4 rats (D:1)
58 creatures vanquished.

Notes
Turn   | Place    | Note
-------+----------+-------------------------------------------
     0 | D:1      | HoaS the Gargoyle Hunter began the quest for the Orb.
     0 | D:1      | Reached XP level 1. HP: 12/12 MP: 1/1
    93 | D:1      | Reached XP level 2. HP: 17/17 MP: 2/2
   210 | D:1      | You fall into a shaft and drop 1 floor!
   298 | D:2      | Reached XP level 3. HP: 12/21 MP: 3/3
   437 | D:2      | Reached skill level 5 in Ranged Weapons
   507 | D:2      | Found a shimmering altar of Xom.
   983 | D:2      | Reached XP level 4. HP: 21/26 MP: 4/4
  1817 | D:3      | Noticed Sigmund
  1922 | D:2      | Slain by a hound

Illustrated notes

Levels and vault maps discovered:
D:1:      saegor_arrival_simple_b, layout_loops_ring, dreamdust_wishing_well
D:2:      layout_basic, basic_altar
D:3:      minmay_roachtagon, layout_basic, nemelex_xobeh_ov_fountains_minmay,
          uniq_sigmund, uniq_robin

Skill      XL: |  1  2  3 |
---------------+----------+-----
Ranged Weapons | 5 |  5.8
Fighting       | |  2.1
Dodging        | |  1.5
Stealth        | |  1.1

Action                   |  1- 3 |  4- 6 || total
-------------------------+-------+-------++-------
 Fire: Shortbow          |   115 |    62 ||   177
  Use: Scroll            |       |     4 ||     4
       Potion            |       |     1 ||     1
Armor: Leather armour    |    30 |    15 ||    45
Dodge: Dodged            |    45 |    21 ||    66

Table legend: (Time is in decaauts)
 A = Elapsed time spent in this place.
 B = Non-inter-level travel time spent in this place.
 C = Inter-level travel time spent in this place.
 D = Time resting spent in this place.
 E = Time spent auto-exploring this place.
 F = Levels seen in this place.
 G = Mean time per level.
                   A        B        C        D        E       F      G
               +--------+--------+--------+--------+--------+-----+--------+
         Total |   1972 |   1857 |    115 |    479 |   1042 |   3 |  657.3 |
       Dungeon |   1972 |   1857 |    115 |    479 |   1042 |   3 |  657.3 |
               +--------+--------+--------+--------+--------+-----+--------+

Top non-repeatable levels by time:
     D:2: 1243 daAuts
     D:1: 652 daAuts
     D:3: 76 daAuts
